 Dungeon Crawl Stone Soup version 0.30.0-5-g1a98f26d00 (webtiles) character file.

Game seed: 7341583449178719943

56 Gabide the Trooper (level 3, -1/39 HPs)
             Began as an Ogre Gladiator on May 9, 2023.
             Slain by a goblin
             ... wielding a +0 club
             ... led by Robin
              (6 damage)
             ... on level 2 of the Dungeon.
             The game lasted 00:02:00 (1123 turns).

Gabide the Trooper (Ogre Gladiator)                 Turns: 1123, Time: 00:02:00

Health: -1/39      AC:  3    Str: 20    XL:     3   Next: 97%
Magic:  3/3        EV: 10    Int:  9    God:
Gold:   147        SH:  0    Dex: 10    Spells: 2/2 levels left

rFire   . . .        a - +0 flail
rCold   . . .        (no shield)
rNeg    + . .        b - +0 robe
rPois   .            c - +0 hat
rElec   .            (no cloak)
rCorr   .            (gloves unavailable)
SInv    .            (boots unavailable)
Will    .....        (no amulet)
Stlth   +            f - ring of positive energy
HPRegen 0.26/turn    (no ring)
MPRegen 0.08/turn

%: no passive effects
@: no status effects
A: large, unfitting armour, tough skin 1
a: no special abilities


You were on level 2 of the Dungeon.
You visited 1 branch of the dungeon, and saw 2 of its levels.

You collected 147 gold pieces.

Inventory:

Hand Weapons
 a - a +0 flail (weapon)
Missiles
 d - 2 throwing nets (quivered)
 e - a large rock
Armour
 b - a +0 robe (worn)
 c - a +0 hat (worn)
Jewellery
 f - a ring of positive energy (left hand)
Scrolls
 h - 2 scrolls of poison
 i - a scroll of fear {unknown}
Potions
 g - a potion of haste
 j - a potion of lignification {unknown}
 k - a potion of curing {unknown}


   Skills:
 * Level 4.0 Fighting
 * Level 3.4 Maces & Flails
 - Level 2.0 Throwing
 + Level 3.1 Dodging


You had 2 spell levels left.
You didn't know any spells.
Your spell library contained the following spells:

 Spells                   Type           Power      Damage    Failure   Level
 Conjure Ball Lightning   Conj/Air       0%         3x3d6     100%        6
 Discord                  Hex            0%         N/A       100%        8
 Disjunction              Tloc           0%         N/A       100%        8


Dungeon Overview and Level Annotations

Branches:
Dungeon (2/15)

Altars:

Annotations:
D:2 Robin


Innate Abilities, Weirdness & Mutations

You are too large for most types of armour.
You have tough skin. (AC +1)


Message History

You kill the goblin!
The hobgoblin closely misses you.
Throw: 3 throwing nets
Press: ? - help, Q - select action, (/) - cycle Shift-Dir - straight line, f - hobgoblin
Aim: a hobgoblin (strong, 59% to hit)
You throw a throwing net.
The throwing net closely misses the hobgoblin.
The throwing net hits Robin.
Robin is caught in the net!
Robin says, "My army is invincible!"
Robin struggles against the net.
The hobgoblin hits you but does no damage.
You closely miss the hobgoblin.
Robin struggles against the net.
The hobgoblin hits you.
* * * LOW HITPOINT WARNING * * *
You hit the hobgoblin.
The hobgoblin is lightly wounded.
Robin struggles against the net.
The hobgoblin closely misses you.
Robin struggles against the net.
The hobgoblin hits you.
* * * LOW HITPOINT WARNING * * *
You barely miss the hobgoblin.
The hobgoblin is lightly wounded.
Robin struggles against the net.
The net rips apart, and Robin comes free!
The hobgoblin hits you.
* * * LOW HITPOINT WARNING * * *
Press: ? - help, v - describe, . - travel
Here: Robin, wielding a +0 falchion of holy wrath, wearing a +0 animal skin and wearing a +0 helmet The floor.
Unknown command.
Unknown command.
Okay, then.
Unknown command.
Unknown command.
Unknown command.
Unknown command.
The hobgoblin attacks as you move away! The hobgoblin misses you.
Things that are here:
a +0 dagger; a +0 club Robin throws the goblin at you!
The goblin hits you with a +0 club.
You die...

#####'#############
#....).##.........#
+......'....†...>.#
#......##.##.###..#
#####+###.##.###..####
#.# #.##.........#####
#.###.#####..###.##..(
#...g.....#..# #.##.#.
#####@###.#..###.##.#.
#g# #.#..#...##.#. #g#
#.#..#.####.#.
#)###...##......#.
#g..g...#########.
#####g#...........
..#####....############
..'.g...g..........
..#####.###########


You could see Robin, 2 hobgoblins and a goblin (strong).

Vanquished Creatures
  A worm (D:2)
  2 dart slugs
  3 endoplasms
  2 giant cockroaches (D:1)
  13 goblins
  7 hobgoblins (D:1)
  A ball python (D:2)
  6 bats (D:1)
  A frilled lizard (D:1)
  4 kobolds
  3 rats
43 creatures vanquished.

Notes
Turn   | Place    | Note
-------+----------+-------------------------------------------
     0 | D:1      | Gabide the Ogre Gladiator began the quest for the Orb.
     0 | D:1      | Reached XP level 1. HP: 22/22 MP: 1/1
    71 | D:1      | Reached skill level 3 in Fighting
   159 | D:1      | Reached XP level 2. HP: 28/31 MP: 2/2
   310 | D:1      | Reached XP level 3. HP: 25/37 MP: 3/3
   598 | D:1      | Found a faded altar of an unknown god.
  1084 | D:2      | Noticed Robin
  1090 | D:2      | Reached skill level 4 in Fighting
  1123 | D:2      | Slain by a goblin

Illustrated notes

Levels and vault maps discovered:
D:1:      wander_arrival_estate, layout_rooms, shapermc_ecumenical_altar_venn,
          grunt_decor_junction, minmay_small_reverse_x
D:2:      layout_basic, uniq_robin

Skill      XL: |  1  2  3 |
---------------+----------+-----
Fighting       | 3 4 |  4.0
Maces & Flails | 3 |  3.4
Dodging        | 3 |  3.1
Throwing       | |  2.0

Action                     || total
---------------------------++-------
  Melee: Flail             ||   133
  Throw: Throwing net      ||     1
    Use: Scroll            ||     3
   Stab: Distracted        ||     1
 Armour: Robe              ||    66
  Dodge: Dodged            ||    92
